 Dungeon Crawl Stone Soup version 0.29-a0-887-gcbe080d7e0 (webtiles) character file.

Game seed: 10917566186881743653

3676 purpskrrrp the Skirmisher (level 9, -7/67 HPs)
             Began as a Demonspawn Hunter on July 21, 2022.
             Was an Initiate of Gozag.
             Shot with a sling bullet by Joseph (17 damage)
             ... on level 9 of the Dungeon.
             The game lasted 00:40:19 (9665 turns).

purpskrrrp the Skirmisher (Demonspawn Hunter)       Turns: 9665, Time: 00:40:20

Health: -7/67      AC:  7    Str: 13    XL:     9   Next: 89%
Magic:  18/18      EV: 13    Int: 10    God:    Gozag
Gold:   1055       SH:  6    Dex: 20    Spells: 8/8 levels left

rFire   . . .      SeeInvis .   a - +2 shortbow
rCold   . . .      Faith    .   (shield currently unavailable)
rNeg    . . .      Spirit   .   c - +3 leather armour
rPois   .          Reflect  .   (no helmet)
rElec   .          Harm     .   n - +0 cloak
rCorr   .          Rampage  .   (no gloves)
Will    .....                   (no boots)
Stlth   +++.......              A - amulet of regeneration
HPRegen 1.01/turn               i - ring of magical power
MPRegen 0.16/turn               x - +4 ring of slaying

@: hasted, very quick
A: large bone plates 2, ignite blood 1, powered by death 1, demonic touch 1
a: Renounce Religion, Potion Petition, Call Merchant, Bribe Branch


You were on level 9 of the Dungeon.
You worshipped Gozag.
Gozag was most pleased with you.
You visited 1 branch of the dungeon, and saw 9 of its levels.

You collected 1306 gold pieces.
You spent 175 gold pieces at shops.
You paid 76 gold pieces to Gozag.

Inventory:

Hand Weapons
 a - a +2 shortbow (weapon)
 g - a +2 vampiric short sword
 s - the +4 quarterstaff of Kealejo {freeze, Dex+4}
   (You found it on level 7 of the Dungeon)

   It freezes those it strikes, dealing additional cold damage.
   It can also slow down cold-blooded creatures.
   Dex:       It affects your dexterity (+4).
Missiles
 p - 6 javelins
Armour
 c - a +3 leather armour (worn)
 n - a +0 cloak (worn)
Jewellery
 i - a ring of magical power (left hand)
 j - a ring of wizardry
 t - a ring of protection from fire
 x - a +4 ring of slaying (right hand)
 A - an amulet of regeneration (around neck)
Wands
 m - a wand of charming (7) (quivered)
 u - a wand of digging (3)
 z - a wand of mindburst (11)
Scrolls
 b - 3 scrolls of immolation
 h - a scroll of vulnerability
 q - a scroll of poison
 v - 3 scrolls of identify
 w - a scroll of amnesia
 y - a scroll of magic mapping
 B - a scroll of fear {unknown}
Potions
 d - a potion of lignification
 e - 4 potions of magic
 f - 3 potions of curing
 k - a potion of degeneration
 l - a potion of flight
 o - a potion of mutation {unknown}


   Skills:
 + Level 4.9 Fighting
 * Level 11.1 Ranged Weapons
 + Level 3.4 Dodging
 * Level 5.6 Stealth
 + Level 1.6 Shields
 + Level 1.3 Evocations


You had 8 spell levels left.
You didn't know any spells.
Your spell library contained the following spells:

 Spells                   Type           Power      Damage    Failure   Level
 Shock                    Conj/Air       0%         1d3       43%         1
 Call Canine Familiar     Summ           0%         N/A       82%         3
 Dazzling Flash           Conj/Hex       0%         N/A       82%         3
 Gell's Gravitas          Tloc           0%         N/A       82%         3
 Portal Projectile        Hex/Tloc       0%         N/A       82%         3
 Swiftness                Air            0%         N/A       82%         3
 Teleport Other           Tloc           0%         N/A       82%         3
 Airstrike                Air            0%         0-1+      99%         4
 Iskenderun's Mystic Bla  Conj/Tloc      0%         2d3       99%         4
 Leda's Liquefaction      Hex/Erth       0%         N/A       99%         4
 Summon Lightning Spire   Summ/Air       0%         N/A       99%         4
 Lightning Bolt           Conj/Air       0%         1d11      100%        5
 Dispersal                Tloc           0%         N/A       100%        6
 Starburst                Conj/Fire      0%         6d3       100%        6


Dungeon Overview and Level Annotations

Branches:
Dungeon (9/15)             Temple (0/1) D:5            Lair (0/5) D:8
    Orc: D:9-12

Altars:
Cheibriados
Gozag
Qazlal
Ru
Uskayaw
Vehumet
Wu Jian
Xom

Shops:
D:1 ?

Annotations:
D:6 3 runed translucent doors, xian's ghost, novice DsAM
D:9 Joseph


Innate Abilities, Weirdness & Mutations

You are mostly covered in large bone plates. (SH +6)
Your demonic aura sometimes causes spilled blood to erupt in flames.
You regenerate a little health from kills.
Your touch may inflict minor irresistible damage on your foes.


Message History

The killer bee buzzes angrily.
You hear an angry buzzing noise.
The killer bee stings you. x2
You are poisoned.
The killer bee poisons you!
You feel sick.
You feel sick. The killer bee misses you.
The killer bee attacks as you move away!
You block the killer bee's attack.
You feel sick.
The killer bee attacks as you move away!
The killer bee barely misses you.
You feel sick.
You feel sick. The killer bee barely misses you.
Joseph, a Mercenary comes into view.
He is wielding a +0 quarterstaff.
You feel sick.
The killer bee attacks as you move away!
The killer bee barely misses you.
Joseph shouts!
You feel sick.
Joseph unwields a +0 quarterstaff.
Joseph wields a +0 sling.
Joseph shoots a sling bullet.
You block the sling bullet. The killer bee closely misses you.
The killer bee attacks as you move away!
The killer bee barely misses you.
You feel sick.
Joseph shoots a sling bullet.
The sling bullet closely misses you.
The killer bee attacks as you move away!
The killer bee closely misses you.
Found a scroll of identify.
The killer bee stings you but does no damage.
The killer bee stings you.
The killer bee attacks as you move away!
The killer bee barely misses you.
Found a potion of heal wounds.
Found a stone staircase leading down.
You feel sick.
Joseph shoots a sling bullet.
The sling bullet hits you!
* * * LOW HITPOINT WARNING * * *
The killer bee attacks as you move away!
The killer bee barely misses you.
You feel sick.
You are no longer poisoned.
The killer bee stings you but does no damage.
Joseph shoots a sling bullet.
The sling bullet hits you.
* * * LOW HITPOINT WARNING * * *
Joseph shoots a sling bullet.
The sling bullet hits you!
You die...
Your body crumbles into a pile of gold.

*,,,,,,,* ********** *,,,,,,,*
*,,,,,,,,* *,,,,,,,*****
*,,,,,,,,**
*,,,,,,,,,,,*#######**,,,,,,,,,
*,,,,,,,,,,,,......+∩*,,,,*+***
*,,,,,*******#>....#**,,,,*,,,,
***,,,,,* #?...#****,,,*,,,,
,,,,,,,,* #....# *,,,*,,,,
,,,,,,,,* #@...# *,,,*,,,,
,,,,,,,,* #y...# *,,,+,,,,
,,,,,,,,*#######.y..# *,,,*,,,,
,,,,,,,,,.!.........#####,,,*,,,,
,,,,,,,,,...#####y.......,,,*,,,,
,,,,,,,,,,,,*,,,#........,,,*,,,,
,,,,,,,,,,,,*,,,#........,,,*,,,,
,,,,,,,,,,,,*,,,#......@.,,,**,,,
,,*+******,,*$,,#........,,,,*,,,


You could see Joseph, a hornet and 2 killer bees.

Vanquished Creatures
  A troll (D:6)
  A wyvern (D:8)
  The ghost of Nato the Magician, an amateur OpCj (D:5)
  2 water moccasins
  An orc warrior (D:9)
  3 ogres
  A centaur (D:6)
  2 phantoms (D:7)
  A kobold brigand (D:7)
  3 bullfrogs
  3 scorpions
  2 gnoll sergeants
  A necrophage (D:5)
  12 wights (D:8)
  A howler monkey (D:7)
  5 jellies
  3 orc priests
  A gnoll bouda (D:5)
  6 hounds
  Crazy Yiuf (D:2)
  2 iguanas
  5 orc wizards
  15 gnolls
  10 adders
  A shadow imp (D:7)
  A white imp (D:6)
  2 ufetubi
  2 worms
  3 dart slugs
  24 orcs
  6 bats
  7 endoplasms
  A giant cockroach (D:1)
  5 goblins
  12 hobgoblins
  A quokka (D:2)
  8 ball pythons
  3 frilled lizards
  11 kobolds
  7 rats
177 creatures vanquished.

Vanquished Creatures (collateral kills)
  A bullfrog (D:6)
  A jelly (D:6)
2 creatures vanquished.

Vanquished Creatures (others)
  2 fungi (D:2)
  4 plants (D:5)
6 creatures vanquished.

Grand Total: 185 creatures vanquished

Notes
Turn   | Place    | Note
-------+----------+-------------------------------------------
     0 | D:1      | purpskrrrp the Demonspawn Hunter began the quest for the
                  | Orb.
     0 | D:1      | Reached XP level 1. HP: 16/16 MP: 1/1
   173 | D:1      | Reached skill level 4 in Ranged Weapons
   186 | D:1      | Gained mutation: Your touch may inflict minor irresistible
                  | damage on your foes. [demonic ancestry]
   186 | D:1      | Reached XP level 2. HP: 21/22 MP: 2/2
   234 | D:1      | Found Zogh's Magic Scroll Shop.
   645 | D:1      | Gained mutation: You regenerate a little health from kills.
                  | [demonic ancestry]
   645 | D:1      | Reached XP level 3. HP: 23/27 MP: 3/3
  1446 | D:2      | Reached skill level 1 in Stealth
  2070 | D:2      | Found a runed translucent door.
  2071 | D:2      | Noticed Crazy Yiuf
  2078 | D:2      | HP: 1/27 [Crazy Yiuf/+2 quarterstaff of chaos (4)]
  2079 | D:2      | Killed Crazy Yiuf
  2080 | D:2      | Gained mutation: You are partially covered in large bone
                  | plates. (SH +4) [demonic ancestry]
  2080 | D:2      | Reached XP level 4. HP: 1/33 MP: 4/4
  2727 | D:3      | Reached skill level 5 in Ranged Weapons
  3188 | D:3      | Noticed an ogre
  3197 | D:3      | Killed an ogre
  3198 | D:3      | Gained mutation: You are mostly covered in large bone
                  | plates. (SH +6) [demonic ancestry]
  3198 | D:3      | Reached XP level 5. HP: 20/39 MP: 5/5
  3464 | D:4      | Reached XP level 6. HP: 10/46 MP: 6/6
  3815 | D:4      | Reached skill level 6 in Ranged Weapons
  3867 | D:4      | Found an opulent altar of Gozag.
  3870 | D:4      | Became a worshipper of Gozag Ym Sagoz the Greedy
  4239 | D:4      | Reached XP level 7. HP: 51/51 MP: 7/7
  4451 | D:4      | Found a stormy altar of Qazlal.
  4700 | D:1      | Bought a scroll of enchant weapon for 97 gold pieces
  4700 | D:1      | Bought a scroll of identify for 26 gold pieces
  4700 | D:1      | Bought a scroll of identify for 26 gold pieces
  4700 | D:1      | Bought a scroll of identify for 26 gold pieces
  4780 | D:5      | Entered Level 5 of the Dungeon
  5098 | D:5      | Found a hide-covered altar of Uskayaw.
  5132 | D:5      | Reached skill level 7 in Ranged Weapons
  5375 | D:5      | Found a runed translucent door.
  5382 | D:5      | Noticed Nato's ghost (amateur OpCj)
  5666 | D:5      | Reached XP level 8. HP: 58/58 MP: 8/8
  5745 | D:5      | Found a staircase to the Ecumenical Temple.
  5977 | D:5      | Killed Nato's ghost
  5978 | D:5      | Reached skill level 8 in Ranged Weapons
  6055 | D:6      | Reached skill level 1 in Shields
  6788 | D:6      | Noticed a troll
  6830 | D:6      | Killed a troll
  6831 | D:6      | Reached skill level 9 in Ranged Weapons
  7312 | D:6      | Found an ornate altar of the Wu Jian Council.
  7378 | D:6      | Found a runed translucent gate.
  7378 | D:6      | Found a runed translucent gate.
  7378 | D:6      | Found a runed translucent gate.
  7379 | D:6      | Noticed xian's ghost (novice DsAM)
  7380 | D:6      | Found the brooch of Shielding {Spirit SH+8}
  7697 | D:7      | Gained mutation: Your demonic aura sometimes causes spilled
                  | blood to erupt in flames. [demonic ancestry]
  7697 | D:7      | Reached XP level 9. HP: 65/65 MP: 9/9
  7712 | D:7      | Identified the +4 quarterstaff of Kealejo {freeze, Dex+4}
  7877 | D:7      | Reached skill level 5 in Stealth
  7908 | D:7      | Reached skill level 1 in Evocations
  8249 | D:7      | Reached skill level 10 in Ranged Weapons
  8895 | D:8      | Identified the +6 plate armour "Plog" {*Corrode rC+ Str+7}
  8940 | D:8      | Found a staircase to the Lair.
  9261 | D:8      | Found a snail-covered altar of Cheibriados.
  9436 | D:8      | Reached skill level 11 in Ranged Weapons
  9436 | D:8      | Found a shimmering altar of Xom.
  9452 | D:8      | Found a radiant altar of Vehumet.
  9458 | D:8      | Found a sacrificial altar of Ru.
  9607 | D:9      | Paralysed by a hornet for 3 turns
  9614 | D:9      | HP: 3/67 [hornet (7)]
  9656 | D:9      | Noticed Joseph
  9665 | D:9      | Shot with a sling bullet by Joseph

Illustrated notes

Levels and vault maps discovered:
D:1:      erik_arrival_triangle_small, layout_loops_corners, serial_shops,
          nicolae_square_shop, kennysheep_flooded_box, minmay_box_of_dots
D:2:      layout_loops_ring, serial_bayou_pond_e, chequers_jeans,
          uniq_crazy_yiuf_cottage
D:3:      layout_loops_ring, roderic_lattice_a
D:4:      layout_rooms, mainiacjoe_overflow_swirl, portal_sewer_entry_e
D:5:      layout_basic, lemuel_crystal_altar, minmay_temple_entry_purple_smoke,
          ebering_ghost_sewer_d, roderic_serpentine_path,
          guppyfry_early_lair_pool
D:6:      layout_layer_cave, pdpol_wu_jian_five_deadly_venoms,
          gammafunk_ghost_nasty_kobolds, nrook_uturn
D:7:      layout_loops_ring, serial_rivers, chequers_serial_rivers_micro_e,
          chequers_serial_rivers_room_b, chequers_serial_rivers_micro_b,
          chequers_serial_rivers_room_b, chequers_serial_rivers_large_b,
          chequers_serial_rivers_micro_b,
          nicolae_concentric_dashed_squares_mild, palyth_stone_intersect
D:8:      layout_loops_ring, minmay_overflow_temple_star_quad, slow_altar_2,
          nicolae_tso_carved_into_rock, lair_entry_dummy,
          kennysheep_generic_room_10
D:9:      layout_irregular_city, kiku_gazebo_garden_becter, trog_wizard,
          serial_shops, nicolae_shop_window_shopping, uniq_joseph

Skill      XL: |  1  2  3  4  5  6  7  8  9 |
---------------+----------------------------+-----
Ranged Weapons | 4 5 6 7 9 11 | 11.1
Stealth        | 1 2 3 4 5 |  5.6
Dodging        | 2 3 |  3.4
Fighting       | 3 4 |  4.9
Shields        | 1 |  1.6
Evocations     | 1 |  1.3

Action                   |  1- 3 |  4- 6 |  7- 9 || total
-------------------------+-------+-------+-------++-------
Melee: Shortbow          |       |       |     2 ||     2
 Fire: Shortbow          |   104 |    90 |   390 ||   584
Throw: Javelin           |       |       |     1 ||     1
Evoke: Wand              |     1 |    11 |     6 ||    18
  Use: Scroll            |     2 |    10 |    10 ||    22
       Potion            |       |     2 |     7 ||     9
Armor: Leather armour    |    17 |     9 |    48 ||    74
Dodge: Dodged            |    40 |    31 |   102 ||   173
Block: Other             |       |    14 |    57 ||    71

Table legend: (Time is in decaauts)
 A = Elapsed time spent in this place.
 B = Non-inter-level travel time spent in this place.
 C = Inter-level travel time spent in this place.
 D = Time resting spent in this place.
 E = Time spent auto-exploring this place.
 F = Levels seen in this place.
 G = Mean time per level.
                   A        B        C        D        E       F      G
               +--------+--------+--------+--------+--------+-----+--------+
         Total |   9786 |   8661 |   1125 |    671 |   6708 |   9 | 1087.3 |
       Dungeon |   9786 |   8661 |   1125 |    671 |   6708 |   9 | 1087.3 |
               +--------+--------+--------+--------+--------+-----+--------+

Top non-repeatable levels by time:
     D:6: 1629 daAuts
     D:1: 1374 daAuts
     D:5: 1300 daAuts
     D:3: 1277 daAuts
     D:2: 1247 daAuts
     D:8: 1055 daAuts
     D:4: 946 daAuts
     D:7: 850 daAuts
     D:9: 105 daAuts
